[Event "Early Titled Tuesday Blitz | February 8 2022"]
[White "Petesch, Gabriel"]
[Black "Tay, Junior"]
[WhiteFideId "2032465"]
[BlackFideId "5800439"]
[WhiteElo "2374"]
[BlackElo "2216"]
[Result "1-0"]
[Round "06"]
[TimeControl "180+1"]
[Date "2022.02.08"]
[WhiteClock "0:01:02"]
[BlackClock "0:00:02"]

1. Nf3 Nf6 2. e3 g6 3. c4 Bg7 4. Nc3 O-O 5. b3 d6 6. Bb2 Nbd7 7. Be2 e5 8. O-O Re8 9. d4 e4 10. Nd2 Nf8 11. Qc2 Bf5 12. d5 h5 13. Nb5 Qd7 14. Nd4 Bg4 15. Rae1 N8h7 16. f3 exf3 17. Bxf3 Ng5 18. Bxg4 Qxg4 19. Nb5 Re7 20. Bxf6 Bxf6 21. Rxf6 Rae8 22. Nf1 h4 23. Kh1 Ne4 24. Rf4 Qh5 25. Nc3 Ng5 26. Qe2 Qh6 27. Qg4 f5 28. Qxh4 Qxh4 29. Rxh4 Kg7 30. Rd4 Kf6 31. b4 Rh7 32. c5 Reh8 33. Kg1 Nf7 34. cxd6 cxd6 35. e4 f4 36. b5 Ne5 37. Rd2 Rc8 38. Nd1 g5 39. Nf2 Rc3 40. h3 f3 41. Ng4+ Nxg4 42. hxg4 Ke5 43. gxf3 Rxf3 44. Rf2 Kf4 45. Rxf3+ Kxf3 46. e5 dxe5 47. Rxe5 Kxg4 48. Kg2 Rc7 49. Ng3 Rc3 50. Re4# 1-0


[Site "https://www.chess.com"]

[Event "Early Titled Tuesday Blitz | February 8 2022"]
[White "Piesik, Piotr"]
[Black "Boros, Denes"]
[WhiteFideId "1136194"]
[BlackFideId "722340"]
[WhiteElo "2606"]
[BlackElo "2853"]
[Result "1/2-1/2"]
[Round "06"]
[TimeControl "180+1"]
[Date "2022.02.08"]
[WhiteClock "0:00:29"]
[BlackClock "0:00:21"]

1. Nf3 g6 2. g3 Bg7 3. d4 d6 4. Bg2 Nh6 5. O-O O-O 6. e4 Nd7 7. Qe2 e5 8. dxe5 dxe5 9. Rd1 a5 10. Bxh6 Bxh6 11. Nxe5 Qe7 12. Nxd7 Bxd7 13. Nc3 c6 14. e5 Kh8 15. f4 Bf5 16. Ne4 a4 17. Nd6 Be6 18. a3 Rad8 19. Rd4 Qc7 20. c3 Qb6 21. Kh1 Ra8 22. Rad1 Bg7 23. Ne4 Bb3 24. R1d2 Rae8 25. Nd6 Re7 26. Qg4 f6 27. Nc8 Qc7 28. Nxe7 Qxe7 29. Rd7 Qc5 30. exf6 Bxf6 31. Be4 Bf7 32. Qf3 Be6 33. Rxb7 Bh3 34. Rdd7 Bxd7 35. Rxd7 Rb8 36. Qg4 Bg7 37. Qe2 Re8 38. Qd3 Qf2 39. Rd8 Rf8 40. Rxf8+ Bxf8 41. Qd4+ Qxd4 42. cxd4 Bg7 43. Bxc6 Bxd4 44. Bxa4 Bxb2 45. Bc2 Bxa3 46. Kg2 Kg7 47. Kf3 Kf6 48. Ke4 Bd6 49. Bb3 Bc7 50. h4 Bd6 51. Bg8 Kg7 52. Kd5 Bxf4 53. gxf4 Kxg8 54. Ke6 Kg7 55. f5 gxf5 56. Kxf5 Kh6 57. Kg4 Kg6 58. h5+ Kh6 59. Kh4 Kg7 60. Kg5 h6+ 61. Kf5 Kf7 62. Ke5 Ke7 63. Kf5 Kf7 64. Ke5 Ke7 65. Kf5 Kf7 1/2-1/2


[Site "https://www.chess.com"]

[Event "Early Titled Tuesday Blitz | February 8 2022"]
[White "Pinheiro, Iung Alicio de O."]
[Black "Buscar, Michael"]
[WhiteFideId "2104350"]
[BlackFideId "2603616"]
[WhiteElo "2594"]
[BlackElo "2010"]
[Result "1-0"]
[Round "06"]
[TimeControl "180+1"]
[Date "2022.02.08"]
[WhiteClock "0:00:08"]
[BlackClock "0:00:01"]

1. e4 c5 2. Nf3 e6 3. c3 Nf6 4. e5 Nd5 5. Bc4 Nb6 6. Bb3 c4 7. Bc2 d6 8. exd6 Bxd6 9. b3 cxb3 10. axb3 Nc6 11. Qe2 Ne7 12. d4 Ng6 13. O-O O-O 14. g3 Bd7 15. Na3 Qc7 16. Nc4 Nxc4 17. bxc4 Bc6 18. Ng5 Be7 19. Ne4 a5 20. h4 Rfd8 21. h5 Nf8 22. h6 g6 23. Bf4 Qc8 24. Be5 Nd7 25. Bd6 Bf8 26. Bxf8 Rxf8 27. Nd6 Qc7 28. c5 Bd5 29. Ba4 Nf6 30. Qe5 Qe7 31. g4 Bc6 32. Bxc6 bxc6 33. g5 Nh5 34. Ne4 f6 35. gxf6 Nxf6 36. Ng5 Nd5 37. Qxe6+ Qxe6 38. Nxe6 Rf6 39. Rfe1 Nxc3 40. Nc7 Rc8 41. Ne8 Rf8 42. Nd6 Ra8 43. Re7 a4 44. Rg7+ Kh8 45. Nf7+ Rxf7 46. Rxf7 a3 47. Rxa3 Ne2+ 48. Kf1 Re8 49. Re3 Rxe3 50. Rf8# 1-0


[Site "https://www.chess.com"]

[Event "Early Titled Tuesday Blitz | February 8 2022"]
[White "Pires, Marcos Vinicius Torsani"]
[Black "Shyaamnikhil P"]
[WhiteFideId "2118939"]
[BlackFideId "5024218"]
[WhiteElo "2273"]
[BlackElo "2292"]
[Result "0-1"]
[Round "06"]
[TimeControl "180+1"]
[Date "2022.02.08"]
[WhiteClock "0:00:11"]
[BlackClock "0:00:02"]

1. d4 Nf6 2. Bf4 Nh5 3. Bc1 g6 4. e4 d6 5. Nc3 c6 6. a4 Bg7 7. Nf3 O-O 8. Be2 Nf6 9. h3 a5 10. O-O Qc7 11. Be3 Nbd7 12. Qd2 Re8 13. Rad1 b6 14. Rfe1 Bb7 15. Bf1 Rad8 16. Qc1 e5 17. d5 Nc5 18. Bxc5 bxc5 19. dxc6 Bxc6 20. Bb5 Bxb5 21. axb5 Qb7 22. Nd2 d5 23. exd5 Nxd5 24. Nxd5 Rxd5 25. c4 Rd3 26. Ne4 Rxd1 27. Qxd1 Qc7 28. Qd5 Rd8 29. Qxc5 Qxc5 30. Nxc5 Rc8 31. Nb7 Rxc4 32. Nxa5 Rb4 33. Nc6 Rxb5 34. b4 Rb6 35. Ne7+ Kf8 36. Nd5 Rb5 37. Rd1 e4 38. Kf1 f5 39. Ke2 Be5 40. f3 exf3+ 41. Kxf3 Kf7 42. Ke3 Ke6 43. Nf4+ Bxf4+ 44. Kxf4 Rxb4+ 45. Kf3 Kf6 46. Rd7 h5 47. Ra7 h4 48. Ra6+ Kg5 49. Rc6 Rf4+ 50. Ke3 Rf1 51. Ke2 Ra1 52. Rc4 Ra2+ 53. Kf3 Ra3+ 54. Kf2 Kh5 55. Rc8 Ra2+ 56. Kf3 Ra3+ 57. Kf2 Ra4 58. Rc7 Kg5 59. Rc3 Kf4 60. Rf3+ Ke5 61. Re3+ Re4 62. Ra3 Rd4 63. Ra6 g5 64. Ra3 g4 65. hxg4 fxg4 66. Rb3 Kf4 67. Rb2 g3+ 68. Ke2 Re4+ 69. Kf1 Ra4 70. Rb1 Ra2 71. Rb4+ Ke3 72. Rb3+ Kd2 73. Rb1 Rc2 74. Ra1 Kd3 75. Ra3+ Kd2 76. Ra1 Rb2 77. Re1 Rb4 78. Re2+ Kd3 79. Re1 Re4 80. Kg1 Rxe1# 0-1


[Site "https://www.chess.com"]

[Event "Early Titled Tuesday Blitz | February 8 2022"]
[White "Politov, Pavel Y."]
[Black "Karavaeva, Olga"]
[WhiteFideId "24110515"]
[BlackFideId "4124111"]
[WhiteElo "2090"]
[BlackElo "2105"]
[Result "1-0"]
[Round "06"]
[TimeControl "180+1"]
[Date "2022.02.08"]
[WhiteClock "0:00:45"]
[BlackClock "0:00:19"]

1. e4 c5 2. Nf3 e6 3. d4 cxd4 4. Nxd4 Nf6 5. Nc3 Nc6 6. Be3 Bb4 7. Bd3 d5 8. exd5 Nxd5 9. Nxc6 bxc6 10. O-O Nxe3 11. fxe3 Bxc3 12. bxc3 O-O 13. Qf3 Qc7 14. Qe4 g6 15. Rab1 a5 16. a3 Ba6 17. a4 c5 18. Bxa6 Rxa6 19. Rb7 Qd6 20. Rb5 h5 21. Qf3 c4 22. Qf4 Qd2 23. Rb7 Kh8 24. Qf6+ Kg8 25. Rxf7 Qxe3+ 26. Kh1 Rxf7 27. Qxf7+ Kh8 28. Qf8+ 1-0


[Site "https://www.chess.com"]

[Event "Early Titled Tuesday Blitz | February 8 2022"]
[White "Ponkratov, Pavel"]
[Black "Srihari L R"]
[WhiteFideId "4157800"]
[BlackFideId "46617116"]
[WhiteElo "2487"]
[BlackElo "2121"]
[Result "0-1"]
[Round "06"]
[TimeControl "180+1"]
[Date "2022.02.08"]
[WhiteClock "0:00:29"]
[BlackClock "0:00:17"]

1. d4 d5 2. c4 e6 3. Nc3 Nf6 4. Bg5 Be7 5. cxd5 Nxd5 6. Bd2 c5 7. e4 Nxc3 8. Bxc3 cxd4 9. Qxd4 Qxd4 10. Bxd4 Bb4+ 11. Ke2 O-O 12. a3 Be7 13. f4 Nc6 14. Be3 b6 15. Nf3 Bb7 16. Kf2 Na5 17. b4 Nc6 18. Be2 Rfc8 19. Rhd1 Rc7 20. Rac1 Rac8 21. g4 Kf8 22. g5 Nb8 23. Rxc7 Rxc7 24. f5 Bxe4 25. Bf4 Rc8 26. fxe6 fxe6 27. Nd4 Bd5 28. Bg4 Kf7 29. Re1 Rc4 30. Nxe6 Nc6 31. Kg3 Rc3+ 32. Kh4 Rc4 33. Nc7 Rxf4 34. Nxd5 Rd4 35. Kg3 Bd6+ 36. Kf3 Ne5+ 37. Rxe5 Bxe5 38. Ne3 Rf4+ 39. Ke2 Bd4 40. Bf3 Bxe3 41. Kxe3 Rh4 42. Bd5+ Ke7 43. Be4 Rxh2 44. Kf4 Rh4+ 45. Ke5 Rh5 0-1


[Site "https://www.chess.com"]

[Event "Early Titled Tuesday Blitz | February 8 2022"]
[White "Popadic, Dragan"]
[Black "Gunina, Valentina"]
[WhiteFideId "913650"]
[BlackFideId "4167570"]
[WhiteElo "2199"]
[BlackElo "2465"]
[Result "0-1"]
[Round "06"]
[TimeControl "180+1"]
[Date "2022.02.08"]
[WhiteClock "0:00:48"]
[BlackClock "0:01:28"]

1. e4 c6 2. d4 d5 3. Nd2 dxe4 4. Nxe4 Nf6 5. Ng3 h5 6. Qd3 h4 7. Ne4 Nxe4 8. Qxe4 Nd7 9. h3 Nf6 10. Qd3 g6 11. Nf3 Bf5 12. Qb3 Bg7 13. Bc4 Nd5 14. Bg5 b5 15. Bxd5 Qxd5 16. Bxh4 Qe4+ 17. Qe3 Rxh4 18. Nxh4 Qxh4 19. c3 Qe4 20. Qxe4 Bxe4 21. O-O e6 22. Rfe1 Bd5 23. a4 b4 24. a5 Kd7 25. Ra4 bxc3 26. bxc3 c5 27. Rb1 cxd4 28. cxd4 Rc8 29. a6 Rc7 30. Rb8 Bh6 31. Rb1 Rc2 32. Rab4 Bf4 33. g3 Bc7 34. Rb7 Bxb7 35. Rxb7 Ra2 36. Rxa7 Kc6 37. Ra8 Bb6 38. Rf8 f5 39. Rf6 Kd5 40. Rxg6 Bxd4 41. h4 Rxf2 42. Kh1 Ra2 43. h5 Rxa6 44. h6 Ra8 45. Kg2 Rh8 46. Kf3 Kd6 47. g4 fxg4+ 48. Kxg4 Be3 49. Kh5 Rxh6+ 50. Rxh6 Bxh6 51. Kxh6 Ke5 52. Kg5 Kd4 53. Kg4 e5 54. Kf3 Kd3 55. Kf2 e4 56. Ke1 Ke3 57. Kf1 Kd2 0-1


[Site "https://www.chess.com"]

[Event "Early Titled Tuesday Blitz | February 8 2022"]
[White "Potapova, Margarita"]
[Black "Ter-Sahakyan, Samvel"]
[WhiteFideId "14126869"]
[BlackFideId "13302531"]
[WhiteElo "2209"]
[BlackElo "2592"]
[Result "1-0"]
[Round "06"]
[TimeControl "180+1"]
[Date "2022.02.08"]
[WhiteClock "0:00:49"]
[BlackClock "0:00:03"]

1. d4 Nf6 2. c4 e6 3. Nc3 Bb4 4. Qc2 d5 5. cxd5 exd5 6. Bg5 h6 7. Bh4 O-O 8. e3 Be6 9. Bd3 c5 10. dxc5 Nbd7 11. a3 Bxc5 12. Nf3 Rc8 13. O-O Be7 14. Qe2 Nc5 15. Bc2 Qb6 16. Rfd1 Rfd8 17. Rac1 a6 18. Na4 Nxa4 19. Bxa4 Bg4 20. b4 g5 21. Bg3 Ne4 22. h3 Nc3 23. Rxc3 Bxf3 24. Qxf3 Rxc3 25. Be5 Rxa3 26. Bc2 Qe6 27. Bd4 Ra2 28. Bf5 Qd6 29. Bb1 Ra4 30. Qf5 Kf8 31. Qh7 Ke8 32. Bc5 Qf6 33. Qg8+ Kd7 34. Rxd5+ Kc6 35. Rxd8 Bxd8 36. Qe8+ Kc7 37. Qxa4 Qc3 38. Qd1 1-0


[Site "https://www.chess.com"]

[Event "Early Titled Tuesday Blitz | February 8 2022"]
[White "Pourramezanali, Amirreza"]
[Black "Martirosyan, Haik M."]
[WhiteFideId "12511412"]
[BlackFideId "13306553"]
[WhiteElo "2376"]
[BlackElo "2735"]
[Result "0-1"]
[Round "06"]
[TimeControl "180+1"]
[Date "2022.02.08"]
[WhiteClock "0:00:02"]
[BlackClock "0:00:13"]

1. d4 Nf6 2. c3 d6 3. Nf3 g6 4. Bf4 Bg7 5. h3 O-O 6. e3 Nc6 7. Be2 Nd7 8. O-O e5 9. Bh2 e4 10. Nfd2 f5 11. c4 Nf6 12. Nc3 Ne7 13. c5 d5 14. Nb5 Ne8 15. Qa4 Be6 16. b4 g5 17. f4 c6 18. Nc3 Ng6 19. b5 gxf4 20. Bxf4 Nxf4 21. Rxf4 Bd7 22. bxc6 bxc6 23. Nf1 Nc7 24. Rf2 f4 25. Bg4 Bxg4 26. hxg4 Qd7 27. exf4 Ne6 28. Ne2 Nxc5 29. dxc5 Bxa1 30. Ne3 d4 31. Nf5 e3 32. Rf1 Rae8 33. Rxa1 d3 34. Qc4+ Qd5 35. Qxd5+ cxd5 36. Nc3 d4 37. Nxd4 Rxf4 38. Nf3 Rxg4 39. Kf1 Rc4 40. Nd5 Kg7 41. Ne1 e2+ 42. Kf2 d2 0-1


[Site "https://www.chess.com"]

[Event "Early Titled Tuesday Blitz | February 8 2022"]
[White "Praggnanandhaa R"]
[Black "Kushagra, Mohan"]
[WhiteFideId "25059530"]
[BlackFideId "25033638"]
[WhiteElo "2599"]
[BlackElo "1886"]
[Result "1-0"]
[Round "06"]
[TimeControl "180+1"]
[Date "2022.02.08"]
[WhiteClock "0:00:11"]
[BlackClock "0:00:04"]

1. Nf3 Nf6 2. b3 g6 3. Bb2 Bg7 4. g3 O-O 5. Bg2 d5 6. c4 Nc6 7. cxd5 Nxd5 8. Bxg7 Kxg7 9. Nc3 Nxc3 10. dxc3 Qxd1+ 11. Rxd1 e5 12. Nd2 Ne7 13. Nc4 f6 14. O-O Rb8 15. Na5 b6 16. Nc4 Be6 17. Ne3 Rfd8 18. g4 g5 19. Be4 h6 20. f3 Kf7 21. Kf2 Ke8 22. Rh1 Rxd1 23. Rxd1 Rd8 24. Bd3 Nd5 25. Nxd5 Bxd5 26. h4 Ke7 27. Rh1 Rf8 28. Ke3 Be6 29. hxg5 hxg5 30. Bg6 Rg8 31. Rh7+ Kf8 32. Be4 Rg7 33. Rh8+ Rg8 34. Rh6 Kf7 35. Rh7+ Rg7 36. Rh1 Rg8 37. Bd3 Rg7 38. Ke4 Rg8 39. Bb5 Ke7 40. Rh7+ Kd6 41. Ke3 a5 42. Bd3 Rf8 43. Kd2 Rf7 44. Rh8 Ke7 45. Bg6 Rf8 46. Rh7+ Kd6 47. Ke3 Kc6 48. Be4+ Kd6 49. Bd3 Kc6 50. Bc2 Kd6 51. a3 Rd8 52. b4 axb4 53. cxb4 Rd7 54. Rh6 Ke7 55. Rh7+ Kd6 56. Rh1 Rd8 57. a4 Ra8 58. Rh6 Ke7 59. Rh7+ Kd6 60. Kd2 Bd7 61. b5 Be6 62. Kc3 Bd7 63. Kb4 Re8 64. Rh6 Ke7 65. Be4 Be6 66. Rh7+ Kd6 67. Bc6 Rb8 68. Rh1 Rd8 69. Rh6 Ke7 70. Rh7+ Kd6 71. Be4 Rb8 72. Kc3 Rd8 73. Rh1 Rb8 74. Rc1 Ke7 75. Kb4 Kd6 76. Rc6+ Kd7 77. Bf5 Bxf5 78. gxf5 Rf8 79. Kc4 Rf7 80. Kd5 Rf8 81. Ke4 Rf7 82. Ke3 Rf8 83. Kf2 Rf7 84. Kg3 Ke8 85. e4 Kf8 86. Kg4 Kg7 87. Kh5 Rd7 88. Re6 Kf7 89. Rc6 Kg7 90. Rc2 Kf7 91. Kg4 Kg7 92. Kg3 Kf7 93. Rc6 Kg7 94. Kf2 Kf7 95. Kg2 Kg7 96. Kg3 Kf7 97. Kg4 Kg7 98. Kh5 Kf7 99. Kh6 Re7 100. Kh5 Rd7 101. Kh6 Re7 102. Rc2 Rd7 103. Rc1 Re7 104. Rd1 Ke8 105. Kg6 Rf7 106. Rh1 Ke7 107. Rh7 Rxh7 108. Kxh7 Kf7 109. Kh6 Kf8 110. Kg6 Ke7 111. Kg7 1-0


[Site "https://www.chess.com"]

[Event "Early Titled Tuesday Blitz | February 8 2022"]
[White "Praslov, Andrey"]
[Black "Kostina, Nadezhda"]
[WhiteFideId "4147863"]
[BlackFideId "4195876"]
[WhiteElo "2358"]
[BlackElo "2001"]
[Result "1-0"]
[Round "06"]
[TimeControl "180+1"]
[Date "2022.02.08"]
[WhiteClock "0:00:02"]
[BlackClock "0:00:01"]

1. d4 Nf6 2. c4 e6 3. Nc3 Bb4 4. Bd2 d5 5. e3 O-O 6. a3 Be7 7. Nf3 Ne4 8. Bd3 f5 9. cxd5 exd5 10. Qb3 Nxd2 11. Nxd2 c6 12. O-O Nd7 13. f4 Nf6 14. Nf3 Bd6 15. Ne5 Qe7 16. Qa2 Be6 17. b4 Ne4 18. Nxe4 fxe4 19. Be2 Bxe5 20. fxe5 Qg5 21. Qd2 Bh3 22. Rxf8+ Rxf8 23. Bf1 Bg4 24. Qe1 h5 25. h4 Qg6 26. Ra2 Rf5 27. Qg3 Qf7 28. Rf2 Kh7 29. Rxf5 Qxf5 30. Qf2 Qe6 31. Qf4 Qe7 32. Kf2 Qxh4+ 33. Kg1 Qe1 34. Kh2 Qh4+ 35. Kg1 Qe1 36. Kh2 Kg6 37. b5 Bf5 38. bxc6 bxc6 39. Ba6 Qd2 40. Bb7 Qc1 41. Qg3+ Bg4 42. Qf4 Qe1 43. Qg3 1-0


[Site "https://www.chess.com"]

[Event "Early Titled Tuesday Blitz | February 8 2022"]
[White "Prieto Aranguren, Alain"]
[Black "Alavkin, Arseny"]
[WhiteFideId "2268906"]
[BlackFideId "4120612"]
[WhiteElo "2235"]
[BlackElo "2391"]
[Result "0-1"]
[Round "06"]
[TimeControl "180+1"]
[Date "2022.02.08"]
[WhiteClock "0:00:12"]
[BlackClock "0:00:21"]

1. e4 e6 2. d4 d5 3. exd5 exd5 4. Bd3 c5 5. dxc5 Nf6 6. Nf3 Bxc5 7. O-O O-O 8. Bg5 h6 9. Bh4 g5 10. Bg3 Ne4 11. Nbd2 f5 12. Be5 Nc6 13. Nb3 Bxf2+ 14. Rxf2 Nxf2 15. Kxf2 g4 16. Qd2 gxf3 17. Qxh6 Nxe5 18. gxf3 Qf6 19. Rg1+ Kf7 20. Qh7+ Ke8 21. Bb5+ Bd7 22. Re1 Bxb5 23. f4 Qb6+ 24. Kg2 Kd8 25. Rxe5 Bd7 26. Qe7+ Kc7 27. Nc5 Qd6 28. Ne6+ Kc6 29. Nxf8 Qxe7 0-1


[Site "https://www.chess.com"]

[Event "Early Titled Tuesday Blitz | February 8 2022"]
[White "Przybylski, Wojciech"]
[Black "Mirzanurov, Bulat"]
[WhiteFideId "1117599"]
[BlackFideId "4184521"]
[WhiteElo "2133"]
[BlackElo "2116"]
[Result "0-1"]
[Round "06"]
[TimeControl "180+1"]
[Date "2022.02.08"]
[WhiteClock "0:00:14"]
[BlackClock "0:00:04"]

1. d4 d5 2. c4 dxc4 3. e4 e5 4. Nf3 exd4 5. Bxc4 Nc6 6. O-O Be6 7. Bxe6 fxe6 8. Qb3 Qd7 9. Qxb7 Rb8 10. Qa6 Bd6 11. Nbd2 e5 12. a3 Nf6 13. Qc4 Na5 14. Qd3 O-O 15. b4 Nc6 16. h3 Kh8 17. Nc4 Rbe8 18. b5 Nd8 19. a4 Nf7 20. Re1 Bb4 21. Bd2 Bxd2 22. Qxd2 Qe6 23. Rac1 Nh5 24. Na5 Nf4 25. Rc6 Nd6 26. Kf1 Qg6 27. Nh4 Qg5 28. g3 Nxh3 29. Re2 Qxd2 30. Rxd2 Nxe4 31. Rb2 Nhxf2 32. Kg2 Nd3 33. Re2 Rf2+ 34. Rxf2 Nexf2 35. Rxc7 e4 36. Nf5 g6 37. Nxd4 e3 38. Ne2 Ne4 39. Nc4 Nd2 40. Rxa7 Nxc4 41. a5 Rf8 42. b6 Rf2+ 43. Kh3 Rxe2 44. b7 Rb2 45. Ra8+ Kg7 46. b8=Q Rxb8 47. Rxb8 e2 48. Re8 e1=Q 49. Rxe1 Nxe1 50. a6 Nb6 51. Kg4 Nd3 52. Kf3 Nc5 53. Ke3 Nxa6 54. Kd4 Nc7 55. g4 Ne6+ 56. Ke5 Nf8 57. Kf4 Nbd7 58. Ke4 h6 59. Kf4 h5 60. g5 Ne6+ 61. Kg3 Nxg5 62. Kh4 Nf3+ 63. Kh3 Nfe5 64. Kg3 g5 65. Kh3 g4+ 66. Kh4 Nf3+ 67. Kg3 Nde5 68. Kf4 h4 69. Ke3 g3 70. Ke2 g2 71. Ke3 g1=Q+ 72. Ke4 Qe1+ 73. Kf5 Qb1+ 74. Kf4 Qb4+ 75. Kf5 Qb7 76. Kf4 Qf7+ 77. Ke4 Qg6+ 78. Kd5 h3 79. Kc5 h2 80. Kd5 h1=Q 81. Kc5 Qhb1 82. Kd5 Qc6# 0-1


[Site "https://www.chess.com"]

[Event "Early Titled Tuesday Blitz | February 8 2022"]
[White "Quintiliano Pinto, Renato R."]
[Black "Carlsson, Ludvig"]
[WhiteFideId "2117568"]
[BlackFideId "1727010"]
[WhiteElo "2439"]
[BlackElo "2178"]
[Result "1-0"]
[Round "06"]
[TimeControl "180+1"]
[Date "2022.02.08"]
[WhiteClock "0:00:39"]
[BlackClock "0:00:24"]

1. Nf3 d5 2. b3 Bf5 3. Bb2 e6 4. g3 h6 5. Bg2 Nf6 6. O-O Bh7 7. d3 Be7 8. c4 O-O 9. Nbd2 c6 10. a3 a5 11. Qb1 Nbd7 12. b4 axb4 13. axb4 Qb6 14. Rxa8 Rxa8 15. Bc3 Qa6 16. Qb2 Qa2 17. Qxa2 Rxa2 18. Rb1 dxc4 19. Nxc4 Rxe2 20. Na5 Rc2 21. Be1 b6 22. Nd4 Ra2 23. Naxc6 Bf8 24. Rd1 Ra3 25. Bf1 Nd5 26. Nb5 Rb3 27. Ra1 Bxd3 28. Bxd3 Rxd3 29. Ra8 Kh7 30. Rd8 Rd1 31. Rxd7 Rxe1+ 32. Kg2 Nxb4 33. Nxb4 Bxb4 34. Rxf7 Bc5 35. Nc7 Kg6 36. Rf3 Re2 37. g4 Re4 38. h3 Bd6 39. Ne8 Be5 40. Rb3 Rf4 41. Rxb6 Bd4 42. Rxe6+ Kf7 43. Re2 Rxf2+ 44. Rxf2+ Bxf2 45. Nxg7 Kxg7 46. Kxf2 Kf6 47. h4 Ke5 48. Ke3 Kd5 49. Kf4 Ke6 50. Ke4 Kf6 51. Kd5 Kf7 52. Ke5 Ke7 53. Kf5 Kf7 54. h5 Kg7 55. Ke6 Kh7 56. Kf6 Kh8 57. Kg6 Kg8 58. Kxh6 Kh8 59. g5 Kg8 60. Kg6 Kh8 61. Kf7 Kh7 62. g6+ Kh6 63. g7 1-0


[Site "https://www.chess.com"]

[Event "Early Titled Tuesday Blitz | February 8 2022"]
[White "Rakhmanov, Aleksandr"]
[Black "Le, Tuan Minh"]
[WhiteFideId "4173708"]
[BlackFideId "12401153"]
[WhiteElo "2500"]
[BlackElo "2450"]
[Result "1-0"]
[Round "06"]
[TimeControl "180+1"]
[Date "2022.02.08"]
[WhiteClock "0:00:03"]
[BlackClock "0:00:02"]

1. c4 c6 2. d4 d5 3. cxd5 cxd5 4. Nf3 Nf6 5. Nc3 Nc6 6. Bf4 a6 7. Ne5 Qb6 8. Nxc6 Qxc6 9. Rc1 Qb6 10. e3 Bd7 11. Bd3 e6 12. O-O Be7 13. Na4 Qa5 14. Nc5 Bc6 15. a3 O-O 16. Qb3 Rac8 17. Qa2 Qb6 18. b4 Bb5 19. Qe2 Rc6 20. Bg5 Bxd3 21. Qxd3 Rfc8 22. Bxf6 Bxf6 23. Nd7 Qd8 24. Nxf6+ gxf6 25. Rc5 a5 26. Rxa5 b6 27. Ra7 f5 28. g3 Qg5 29. a4 Rc3 30. Qb5 Rc1 31. a5 bxa5 32. bxa5 Qh5 33. Kg2 Kg7 34. Rxc1 Rxc1 35. Qd3 Ra1 36. Qd2 Qg4 37. Qc2 Ra3 38. h3 Qg6 39. Qc7 h5 40. Qe5+ Kh7 41. Qf4 Ra2 42. Qe5 h4 43. Ra8 f6 44. Qc7+ Qg7 45. Qxg7+ Kxg7 46. gxh4 Kg6 47. Kg3 e5 48. a6 Kg7 49. a7 Ra3 50. Kg2 f4 51. dxe5 fxe5 52. exf4 exf4 53. h5 Kh7 54. Rd8 Rxa7 55. Rxd5 Ra3 56. Rf5 Kh6 57. Rxf4 Kxh5 58. Rg4 Rb3 59. Rg3 Rb4 60. Re3 Kh4 61. Rg3 Ra4 62. Rg8 Kh5 63. Kg3 Ra1 64. Rh8+ Kg5 65. h4+ Kf5 66. Rf8+ Kg6 67. Rb8 Kf5 68. Rb5+ Kg6 69. Kg4 Rg1+ 70. Kf4 Ra1 71. f3 Ra4+ 72. Kg3 Ra1 73. Rg5+ Kf6 74. Kg4 Rg1+ 75. Kf4 Ra1 76. Rg8 Ra4+ 77. Kg3 Ra1 78. Rb8 Ra4 79. Rb6+ Kf5 80. h5 Ra1 81. h6 Rh1 82. Kf2 Kf4 83. Rf6+ Kg5 84. Rb6 Kf4 85. Ra6 Rh2+ 86. Kg1 Rh5 87. Kg2 Rg5+ 88. Kf2 Rh5 89. Rf6+ Kg5 90. Rc6 Rh4 91. Kg2 Kf5 92. Rc5+ Kf6 93. Kg3 Rh1 94. Kg4 Kg6 95. Rc6+ Kf7 96. Kg5 Rg1+ 97. Kf5 Rh1 98. h7 Kg7 99. Rc7+ Kh8 100. f4 Rh5+ 101. Ke6 Rh6+ 102. Kd5 Rh5+ 103. Ke4 Rh1 104. Kf5 Rg1 105. Kf6 Rg6+ 106. Ke5 Rg1 107. Rc8+ Kxh7 108. f5 Kg7 109. Rc7+ Kg8 110. Kf6 Ra1 111. Rc8+ Kh7 112. Re8 Ra6+ 113. Kf7 Ra5 114. f6 Ra6 115. Re3 Kh6 116. Rh3+ Kg5 117. Rf3 Ra7+ 118. Kg8 Ra8+ 119. Kg7 Kg4 120. Rf1 1-0


[Site "https://www.chess.com"]

[Event "Early Titled Tuesday Blitz | February 8 2022"]
[White "Rangel, Daniel"]
[Black "Vlassov, Nikolai"]
[WhiteFideId "2124475"]
[BlackFideId "4103360"]
[WhiteElo "2187"]
[BlackElo "2407"]
[Result "0-1"]
[Round "06"]
[TimeControl "180+1"]
[Date "2022.02.08"]
[WhiteClock "0:00:10"]
[BlackClock "0:00:32"]

1. d4 Nf6 2. Nf3 e6 3. c4 Nc6 4. Nc3 Bb4 5. d5 exd5 6. cxd5 Ne7 7. Bg5 Nexd5 8. Qb3 O-O 9. O-O-O Nxc3 10. bxc3 Be7 11. e3 Ne4 12. Bxe7 Qxe7 13. Qc2 Qa3+ 14. Kb1 Nxc3+ 15. Ka1 Nxd1 16. Qxd1 Qc3+ 17. Kb1 d5 18. Bd3 c5 19. Ng5 h6 20. Bh7+ Kh8 21. Qh5 a5 22. Bc2 Qf6 23. h4 Ra6 24. Nh7 Rb6+ 25. Kc1 Qa1+ 26. Kd2 Qxh1 27. Nxf8 Rf6 28. Qxd5 Rxf2+ 29. Kc3 Qxg2 30. Qxf7 Rxf7 0-1


[Site "https://www.chess.com"]

[Event "Early Titled Tuesday Blitz | February 8 2022"]
[White "Reprintsev, Alexander"]
[Black "Perez Gormaz, Matias"]
[WhiteFideId "14100541"]
[BlackFideId "3406342"]
[WhiteElo "2126"]
[BlackElo "2352"]
[Result "0-1"]
[Round "06"]
[TimeControl "180+1"]
[Date "2022.02.08"]
[WhiteClock "0:00:12"]
[BlackClock "0:00:06"]

1. e4 c5 2. b3 Nc6 3. Bb2 a6 4. Nf3 e6 5. d4 cxd4 6. Nxd4 Nge7 7. Be2 Nxd4 8. Qxd4 Nc6 9. Qe3 Bb4+ 10. Nd2 O-O 11. O-O-O b5 12. Qg3 f6 13. f4 Qa5 14. Nb1 Qxa2 15. h4 Ra7 16. h5 h6 17. Qf2 Rc7 18. g4 Be7 19. Rh3 Nb4 20. Nc3 Qa5 21. g5 fxg5 22. Qd4 Rxf4 23. Bd3 Bf6 24. Qd6 Rxc3 25. e5 Nxd3+ 26. Rhxd3 Rxd3 27. Rxd3 Rf1+ 28. Rd1 Rxd1+ 29. Kxd1 Bd8 30. Ba3 Kh7 31. Qf8 Qc7 32. Bd6 Qb6 33. Qe8 Qd4+ 34. Kc1 Qe3+ 35. Kb1 Qe1+ 36. Ka2 Qc3 37. Kb1 Qe1+ 38. Ka2 Qe4 39. Qxd8 Qxc2+ 40. Ka3 Qc1+ 41. Kb4 a5+ 42. Kxb5 Qc6+ 43. Kxa5 Ba6 44. Qb6 Qxb6+ 45. Kxb6 Be2 46. b4 Bxh5 47. b5 Bf3 48. Kc7 h5 49. b6 h4 50. Bc5 g4 51. Bf2 g3 52. Be1 Kg6 53. b7 Bxb7 54. Kxb7 Kf5 55. Kc7 Kxe5 56. Kxd7 Kf4 57. Kxe6 h3 58. Bd2+ Kf3 0-1


[Site "https://www.chess.com"]

[Event "Early Titled Tuesday Blitz | February 8 2022"]
[White "Rodchenkov, Sergey D."]
[Black "Kalogridis, Antonios"]
[WhiteFideId "4168712"]
[BlackFideId "25833901"]
[WhiteElo "2306"]
[BlackElo "1495"]
[Result "0-1"]
[Round "06"]
[TimeControl "180+1"]
[Date "2022.02.08"]
[WhiteClock "0:00:05"]
[BlackClock "0:00:47"]

1. e4 c6 2. d4 d5 3. e5 c5 4. dxc5 Nc6 5. Nf3 Bg4 6. c3 e6 7. Be3 a6 8. Be2 Bxf3 9. Bxf3 Nxe5 10. Be2 Nf6 11. f4 Nc6 12. O-O Ne4 13. b4 a5 14. Bb5 Be7 15. Qc2 axb4 16. cxb4 Bf6 17. Nd2 Nxd2 18. Qxd2 Bxa1 19. Rxa1 O-O 20. a3 Qf6 21. Ra2 d4 22. Bf2 Rfd8 23. Bd3 e5 24. f5 Ne7 25. g4 Nd5 26. g5 Qe7 27. Ra1 Nf4 28. Be4 Qxg5+ 29. Kh1 Qf6 30. Rg1 Rxa3 31. Bg3 Qh6 32. Bxb7 Nh3 33. Qxh6 gxh6 34. Bxe5+ Nxg1 35. Kxg1 d3 36. Bf4 d2 37. Bxd2 Rxd2 38. c6 Ra1# 0-1


[Site "https://www.chess.com"]

[Event "Early Titled Tuesday Blitz | February 8 2022"]
[White "Roman, Rodrigo"]
[Black "Farmani Anosheh, Armin"]
[WhiteFideId "3701220"]
[BlackFideId "24613240"]
[WhiteElo "2001"]
[BlackElo "2289"]
[Result "0-1"]
[Round "06"]
[TimeControl "180+1"]
[Date "2022.02.08"]
[WhiteClock "0:00:16"]
[BlackClock "0:01:11"]

1. d4 Nf6 2. Nf3 d5 3. e3 c5 4. Bd3 Qc7 5. b3 cxd4 6. exd4 g6 7. Bb2 Bg7 8. O-O O-O 9. Nbd2 Nc6 10. Re1 b6 11. a3 Bb7 12. Ne5 Rfd8 13. Nxc6 Bxc6 14. Qf3 a5 15. Re2 a4 16. b4 Qd7 17. Rae1 e6 18. Qg3 Bb5 19. Rc1 Rac8 20. h3 Bc4 21. Bxc4 dxc4 22. Bc3 Nd5 23. Ne4 Nxc3 24. Nxc3 Bxd4 25. Rd1 e5 26. Rxe5 Bxe5 27. Qxe5 Qe6 28. Qb5 Rxd1+ 29. Nxd1 Qe1+ 30. Kh2 Qxd1 31. Qxc4 Rxc4 0-1


[Site "https://www.chess.com"]